 Dungeon Crawl Stone Soup version 0.26-a0-663-g36e8fdb655 (webtiles) character file.

Game seed: 17812550229595699470

11883 jasper the Carver (level 11, -43/89 HPs)
             Began as a Demonspawn Warper on Oct 12, 2020.
             Was a Follower of Ru.
             Killed from afar by Frances (58 damage)
             ... with an iron shot
             ... on level 12 of the Dungeon.
             The game lasted 00:20:25 (12701 turns).

jasper the Carver (Demonspawn Warper)              Turns: 12701, Time: 00:20:26

Health: -43/89     AC: 13    Str: 15    XL:     11   Next: 55%
Magic:  0/23       EV:  8    Int: 14    God:    Ru [*.....]
Gold:   198        SH: 19    Dex: 13    Spells: 12/14 levels left

rFire    . . .     SeeInvis .   z - +4 long sword
rCold    + . .     Faith    .   K - +3 tower shield {rC+}
rNeg     . . .     Spirit   +   t - +0 ring mail
rPois    .         Reflect  .   w - +2 hat
rElec    .         Harm     .   I - +0 cloak
rCorr    .         Rampage  .   C - +0 pair of gloves
MR       +....                  (no boots)
Stlth    ..........             o - amulet of guardian spirit
HPRegen  0.24/turn              q - ring of protection from magic
MPRegen  0.18/turn              N - ring of magical power

@: about to teleport, studying Shields
A: hooves 2, slimy green scales 1, powered by death 3, rot immunity, hated by
all
a: Renounce Religion


You were on level 12 of the Dungeon.
You worshipped Ru.
Ru was aware of your devotion.
You visited 1 branch of the dungeon, and saw 13 of its levels.

You collected 645 gold pieces.
You spent 447 gold pieces at shops.

Inventory:

Hand Weapons
 a - a +0 falchion
 r - a +0 long sword
 x - a +0 short sword of flaming
 z - a +4 long sword (weapon)
Missiles
 c - 332 stones
 f - 45 poisoned darts
 y - 9 boomerangs (quivered)
Armour
 b - a +0 leather armour
 j - a +0 tower shield
 t - a +0 ring mail (worn)
 w - a +2 hat (worn)
 C - a +0 pair of gloves (worn)
 I - a +0 cloak (worn)
 K - a +3 tower shield of cold resistance (worn)
Jewellery
 o - an amulet of guardian spirit (around neck)
 p - an uncursed ring of fire
 q - a ring of protection from magic (left hand)
 N - a ring of magical power (right hand)
 P - an uncursed ring of fire
Wands
 v - a wand of polymorph (2)
 D - a wand of flame (18)
 O - a wand of random effects (22)
Scrolls
 i - 4 scrolls of enchant weapon
 k - 2 scrolls of magic mapping
 m - 2 scrolls of fog
 u - a scroll of noise
 A - 3 scrolls of amnesia
 B - 3 scrolls of immolation
 E - 2 scrolls of holy word
 H - 3 scrolls of fear {unknown}
 J - 6 scrolls of teleportation
 L - 2 scrolls of silence {unknown}
 U - a scroll of random uselessness {unknown}
Potions
 e - a potion of ambrosia
 g - 2 potions of flight
 n - a potion of mutation {unknown}
 F - 2 potions of stabbing
 G - a potion of resistance
 M - 2 potions of brilliance {unknown}
 Q - 2 potions of magic {unknown}
 R - a potion of haste
 S - 2 potions of might
 T - a potion of cancellation
Books
 h - a manual of Shields


   Skills:
 + Level 9.0 Fighting
 - Level 10.1 Long Blades
 - Level 0.8 Throwing
 + Level 8.0 Armour
 - Level 1.7 Dodging
 + Level 9.1 Shields
 - Level 2.0 Spellcasting
 - Level 2.6 Translocations


You had 12 spell levels left.
You knew the following spells:

 Your Spells              Type           Power        Failure   Level
a - Blink                 Tloc           N/A          86%         2

Your spell library contained the following spells:

 Spells                   Type           Power        Failure   Level
 Apportation              Tloc           #.....       73%         1
 Corona                   Hex            #......      97%         1
 Gell's Gravitas          Tloc           #.........   97%         3
 Lesser Beckoning         Tloc           #.........   97%         3
 Teleport Other           Tloc           #.......     97%         3
 Ensorcelled Hibernation  Hex/Ice        #.....       99%         2
 Confusing Touch          Hex            #.......     100%        3
 Dazzling Flash           Conj/Hex       #.....       100%        3
 Passage of Golubria      Tloc           N/A          100%        4
 Petrify                  Tmut/Erth      #.......     100%        4
 Metabolic Englaciation   Hex/Ice        #.........   100%        5
 Yara's Violent Unravell  Hex/Tmut       #.........   100%        5
 Animate Skeleton         Necr           Unusable     N/A         1
 Summon Small Mammal      Summ           Unusable     N/A         1
 Tukima's Dance           Hex            Unusable     N/A         3

Dungeon Overview and Level Annotations

Branches:
Dungeon (13/15)              Lair (0/6) D:9
 Temple: D:4-7          Orc: D:9-12      Vaults: D:13-14

Altars:
Dithmenos
Fedhas
Gozag
Qazlal
Ru
Vehumet
Wu Jian
Xom
Yredelemnul
Zin
The Shining One

Shops:
D:11 =!*

Portals:
Trove: D:10 (give 8 scrolls of blinking)

Annotations:
D:6 1 runed translucent door, Crazy Yiuf
D:9 4 runed translucent doors
D:10 2 transporters
D:12 Frances


Innate Abilities, Weirdness & Mutations

You have hoof-like feet.
You are partially covered in slimy green scales. (AC +2)
You regenerate a lot of health from kills.
You are immune to rotting.
You are hated by all.


Message History

Unknown command.
A large slime creature splits.
You block Frances's attack.
Two slime creatures merge to form a large slime creature.
Frances screams a word of power!
Frances mutters in a terrible tongue.
The ynoxinul gestures.
The orange demon stings you.
* * * LOW HITPOINT WARNING * * *
You block the orange demon's attack.
You take 5 damage, and have 14/89 hp.
The orange demon stings you but does no damage.
The ynoxinul gestures.
Unknown command.
As you read the scroll labeled YSOGUE PIROBO, it crumbles to dust.
You feel strangely unstable.
It was a scroll of teleportation.
You block Frances's attack. You block the orange demon's attack.
Okay, then.
Frances mutters in a terrible tongue.
The iron shot hits you!!!
Ouch! That really hurt!
You die...

...................# #...
...................# #...
....(.........>....# #...
....>...#####535...# #...
........# #55.5..# #...
........# #.35...######...
#...# #.3......)J.....
#...#####.J5##'###.#####
#......@@...#....#)#
#.........###....#.#
####.........#......#.#
#............#......'.#####
#####........#......#......
#........#......#......
#........#......##.....
#.##'##..#.......#.....
#.#...#..#########.....


You could see Frances (fast), a large slime creature, an orange demon (summoned)
and 3 ufetubi.

Vanquished Creatures
  A centaur warrior (D:9)
  3 two-headed ogres
  An unseen horror (D:9)
  A deep elf mage (D:9)
  A centaur zombie (D:10)
  2 slime creatures (D:12)
  4 wraiths
  4 yaks (D:10)
  A wyvern (D:9)
  2 water moccasins
  A sky beast (D:9)
  6 orc warriors
  4 ice beasts
  A necrophage (D:10)
  An eye of draining (D:9)
  3 phantoms
  6 ogres
  8 centaurs
  2 big kobolds
  8 bullfrogs
  A wyvern zombie (D:10)
  7 scorpions
  8 killer bees
  2 water moccasin skeletons
  13 wights
  3 howler monkeys
  2 bullfrog zombies
  A quasit (D:5)
  6 hounds
  2 jellies
  A bullfrog skeleton (D:5)
  2 orc priests
  11 orc wizards
  2 centaur skeletons
  Terence (D:3)
  2 iguanas
  5 worker ants
  A hound skeleton (D:9)
  A hound zombie (D:11)
  2 howler monkey skeletons
  10 adders
  7 gnolls
  4 shadow imps
  A white imp (D:10)
  An ufetubus (D:9)
  2 oozes
  2 adder skeletons
  A worm (D:4)
  4 dart slugs
  37 orcs
  2 ball pythons
  5 giant cockroaches
  4 goblins
  6 hobgoblins
  6 jackals
  19 kobolds
  8 quokkas
  7 bats
  3 frilled lizards
  A leopard gecko zombie (D:8)
  13 rats
276 creatures vanquished.

Vanquished Creatures (others)
  An orc (D:9)
  10 plants (D:9)
11 creatures vanquished.

Grand Total: 287 creatures vanquished

Notes
Turn   | Place    | Note
-------+----------+-------------------------------------------
     0 | D:1      | jasper the Demonspawn Warper began the quest for the Orb.
     0 | D:1      | Reached XP level 1. HP: 16/16 MP: 3/3
    41 | D:1      | Reached skill level 2 in Long Blades
   433 | D:1      | Gained mutation: You have large cloven feet. [demonic
                  | ancestry]
   433 | D:1      | Reached XP level 2. HP: 22/22 MP: 5/5
   754 | D:1      | Reached skill level 3 in Long Blades
  1003 | D:2      | Noticed a howler monkey
  1017 | D:2      | Killed a howler monkey
  1017 | D:2      | Gained mutation: You regenerate a little health from kills.
                  | [demonic ancestry]
  1017 | D:2      | Reached XP level 3. HP: 27/27 MP: 6/6
  1034 | D:2      | Reached skill level 4 in Long Blades
  1034 | D:2      | Gained mutation: You regenerate health from kills. [demonic
                  | ancestry]
  1034 | D:2      | Reached XP level 4. HP: 11/33 MP: 7/7
  1317 | D:2      | Learned a level 2 spell: Blink
  2095 | D:3      | Noticed Terence
  2104 | D:3      | Killed Terence
  2104 | D:3      | Gained mutation: You are immune to rotting. [demonic
                  | ancestry]
  2104 | D:3      | Reached XP level 5. HP: 27/38 MP: 6/8
  2251 | D:3      | Found a glowing golden altar of the Shining One.
  2359 | D:3      | Reached skill level 5 in Long Blades
  2367 | D:3      | Found a basalt altar of Yredelemnul.
  2880 | D:4      | Noticed an ogre
  2945 | D:5      | Entered Level 5 of the Dungeon
  2973 | D:5      | Gained mutation: You have hoof-like feet. [demonic
                  | ancestry]
  2973 | D:5      | Reached XP level 6. HP: 20/44 MP: 5/9
  3088 | D:5      | Reached skill level 6 in Long Blades
  3514 | D:5      | Reached skill level 7 in Long Blades
  3514 | D:5      | Gained mutation: You are partially covered in slimy green
                  | scales. (AC +2) [demonic ancestry]
  3514 | D:5      | Reached XP level 7. HP: 50/50 MP: 10/10
  4256 | D:5      | Noticed a wraith
  4578 | D:6      | Reached skill level 8 in Long Blades
  4614 | D:6      | Gained mutation: You regenerate a lot of health from kills.
                  | [demonic ancestry]
  4614 | D:6      | Reached XP level 8. HP: 56/56 MP: 11/11
  4655 | D:6      | Reached skill level 9 in Long Blades
  4877 | D:6      | Found a radiant altar of Vehumet.
  4877 | D:6      | Found a stormy altar of Qazlal.
  5125 | D:6      | Found a runed translucent door.
  5126 | D:6      | Noticed Crazy Yiuf
  5487 | D:7      | Reached skill level 10 in Long Blades
  5594 | D:7      | Reached skill level 1 in Armour
  5735 | D:7      | Reached skill level 1 in Shields
  5935 | D:7      | Found an opulent altar of Gozag.
  5935 | D:7      | Found a shimmering altar of Xom.
  5941 | D:7      | Found an ornate altar of the Wu Jian Council.
  5943 | D:7      | Found a faded altar of an unknown god.
  5945 | D:7      | Found a faded altar of an unknown god.
  6148 | D:7      | Noticed a purple ugly thing
  6376 | D:8      | Reached XP level 9. HP: 28/63 MP: 1/12
  8299 | D:9      | Noticed a deep elf mage
  8303 | D:9      | Noticed a two-headed ogre
  8304 | D:9      | Noticed a hellwing
  8318 | D:9      | Noticed a hellwing
  8319 | D:9      | Killed a two-headed ogre
  8319 | D:9      | Reached skill level 5 in Fighting
  8342 | D:9      | Noticed an orange demon
  8349 | D:9      | Killed a deep elf mage
  8442 | D:9      | Reached XP level 10. HP: 65/76 MP: 10/13
  8486 | D:9      | Found a sacrificial altar of Ru.
  8515 | D:9      | Reached skill level 5 in Armour
  8561 | D:9      | Became a worshipper of Ru the Awakened
  8660 | D:9      | Found a shadowy altar of Dithmenos.
  8729 | D:9      | Reached skill level 5 in Shields
  8906 | D:9      | Found a glowing silver altar of Zin.
  9143 | D:9      | Found a large runed translucent door.
  9143 | D:9      | Found a large runed translucent door.
  9200 | D:9      | Killed an unseen horror
  9336 | D:9      | Noticed a manticore
  9344 | D:9      | Found a large runed translucent door.
  9344 | D:9      | Found a large runed translucent door.
  9444 | D:9      | Noticed Maurice
  9446 | D:9      | Noticed Maurice
  9446 | D:9      | Maurice changed into Maurice the wyvern
  9451 | D:9      | Killed Maurice the wyvern
  9525 | D:9      | Noticed a centaur warrior
  9537 | D:9      | Killed a centaur warrior
  9952 | D:9      | Found a blossoming altar of Fedhas.
  9973 | D:9      | Found a staircase to the Lair.
 10291 | D:10     | Entered Level 10 of the Dungeon
 10333 | D:10     | Identified a scroll of acquirement
 10336 | D:10     | Acquired a manual of Shields
 10407 | D:10     | Found a portal to a secret trove of treasure.
 10452 | D:10     | Gained mutation: You are hated by all. [Ru sacrifice]
 10452 | D:10     | Reached * piety under Ru
 10580 | D:10     | Found a transporter.
 10583 | D:10     | Noticed an orc sorcerer
 10630 | D:10     | Found a transporter.
 10633 | D:10     | Noticed a fire crab
 10707 | D:10     | Reached XP level 11. HP: 86/86 MP: 14/14
 11144 | D:10     | Noticed a two-headed ogre
 11224 | D:10     | Killed a two-headed ogre
 11686 | D:11     | Found Umuy's Jewellery Shop.
 11736 | D:11     | Found Dinn's Distillery.
 11755 | D:11     | Bought a potion of haste for 160 gold pieces
 11755 | D:11     | Bought a potion of might for 64 gold pieces
 11755 | D:11     | Bought a potion of cancellation for 128 gold pieces
 12121 | D:11     | Found Huhumpuelag's Assorted Antiques.
 12124 | D:11     | Bought a scroll labeled GUXKYR YMNULOU for 33 gold pieces
 12124 | D:11     | Bought a scroll labeled YSOGUE PIROBO for 33 gold pieces
 12124 | D:11     | Bought a sedimented cyan potion for 29 gold pieces
 12219 | D:11     | You fall into a shaft and drop 1 floor!
 12242 | D:12     | Noticed a boulder beetle
 12253 | D:12     | a boulder beetle changed into a slime creature
 12396 | D:12     | Noticed a two-headed ogre
 12406 | D:12     | Killed a two-headed ogre
 12685 | D:13     | Noticed Frances
 12701 | D:12     | Killed from afar by Frances

Illustrated notes

Levels and vault maps discovered:
D:1:      dpeg_arrival_ratfight, layout_rooms
D:2:      layout_rooms
D:3:      minmay_wonky_spiral, layout_loops_cross,
          nicolae_overflow_crystal_walls, nicolae_tso_carved_into_rock,
          nrook_mini_vaults, uniq_terence
D:4:      layout_basic
D:5:      layout_basic, serial_corexii_hall, corexii_hall_statues_x,
          chequers_hall_statues_wall_a, chequers_hall_statues_y
D:6:      layout_cave_pools, gammafunk_temple_overflow_wave,
          uniq_crazy_yiuf_cottage
D:7:      layout_layer_cave, chequers_temple_overflow_minitemple,
          minmay_temple_entry_glassed_door, nicolae_ossuary_entry_ruins
D:8:      layout_gridville
D:9:      layout_loops_corners, fedhas_altar_decomposition,
          grunt_dithmenos_shadows, nicolae_ru_awakened_eye,
          nicolae_overflow_hidden_temple, lair_entry_dummy, grunt_ministairs_10,
          minmay_hollow_rounded_squares, uniq_maurice
D:10:     gammafunk_wand_slinger, layout_basic, nicolae_trove_entry_free_sample,
          kennysheep_opposing_triangles
D:11:     layout_basic, serial_shops, nicolae_shop_behind_doors,
          kennysheep_mini_moat, shop, roderic_serpentine_path
D:12:     layout_irregular_city, orc_0_dummy
D:13:     cheibrodos_shockbox, layout_stronghold, grunt_vaults_entry_fortified,
          uniq_snorg, uniq_frances, uniq_jorgrun

Skill      XL: |  1  2  3  4  5  6  7  8  9 10 11 |
---------------+----------------------------------+-----
Long Blades    | 2 3 4 5 7 8 10 | 10.1
Armour         | 2 4 6 8 |  8.0
Shields        | 1 4 7 9 |  9.1
Fighting       | 3 5 7 9 |  9.0
Throwing       | |  0.8
Dodging        | |  1.7
Spellcasting   | |  2.0
Translocations | |  2.6

Action                   |  1- 3 |  4- 6 |  7- 9 | 10-12 || total
-------------------------+-------+-------+-------+-------++-------
Melee: Falchion          |    64 |    44 |       |       ||   108
       Kick              |    10 |    55 |    85 |   165 ||   315
       Long sword        |       |   145 |   329 |   560 ||  1034
Throw: Stone             |     4 |       |     6 |     3 ||    13
       Boomerang         |     2 |     1 |     2 |     9 ||    14
       Dart              |    10 |    18 |     6 |       ||    34
       Throwing net      |       |       |     1 |       ||     1
Invok: Sacrifice Love    |       |       |       |     1 ||     1
Evoke: Wand              |       |     1 |    12 |     7 ||    20
  Use: Potion            |       |     5 |     6 |     4 ||    15
       Scroll            |       |       |    12 |    11 ||    23
Armor: Leather armour    |    18 |    16 |       |       ||    34
       Ring mail         |       |    60 |   150 |   133 ||   343
       Skin              |       |       |     8 |       ||     8
Dodge: Dodged            |    45 |   150 |   159 |    71 ||   425
Block: Tower shield      |       |       |   115 |   414 ||   529
       Rpst.: Falchion   |    16 |    10 |       |       ||    26
       Long sword        |       |    34 |    56 |    21 ||   111

Table legend: (Time is in decaauts)
 A = Elapsed time spent in this place.
 B = Non-inter-level travel time spent in this place.
 C = Inter-level travel time spent in this place.
 D = Time resting spent in this place.
 E = Time spent auto-exploring this place.
 F = Levels seen in this place.
 G = Mean time per level.
                   A        B        C        D        E       F      G
               +--------+--------+--------+--------+--------+-----+--------+
         Total |  12818 |  12119 |    699 |    932 |   8533 |  13 |  986.0 |
       Dungeon |  12818 |  12119 |    699 |    932 |   8533 |  13 |  986.0 |
               +--------+--------+--------+--------+--------+-----+--------+

Top non-repeatable levels by time:
     D:9: 1967 daAuts
     D:5: 1698 daAuts
    D:10: 1268 daAuts
     D:3: 1200 daAuts
     D:8: 1068 daAuts
     D:1: 1028 daAuts
     D:7: 962 daAuts
     D:6: 915 daAuts
     D:4: 856 daAuts
    D:11: 684 daAuts
     D:2: 682 daAuts
    D:12: 477 daAuts
    D:13: 6 daAuts
